 Dungeon Crawl Stone Soup version 0.27.1-33-g824d729ab1 (webtiles) character file.

Game seed: 13355169319402635426

26728 Atelerd the Geomancer (level 13, -3/74 HPs)
             Began as an Octopode Earth Elementalist on Dec 20, 2021.
             Was a High Priest of Sif Muna.
             Splashed by an oklob plant's acid (13 damage)
             ... on level 3 of the Lair of Beasts on Dec 21, 2021.
             The game lasted 00:45:25 (19931 turns).

Atelerd the Geomancer (OpEE)                       Turns: 19931, Time: 00:45:26

Health: -3/74      AC: -7    Str:  9    XL:     13   Next: 27%
Magic:  23/36      EV: 27    Int: 23    God:    Sif Muna [*****.]
Gold:   405        SH:  0    Dex: 12    Spells: 18/33 levels left

rFire    . . .     SeeInvis +   A - +1 short sword (venom)
rCold    + . .     Faith    .   (no shield)
rNeg     . . .     Spirit   .   (helmet restricted)
rPois    +         Reflect  .   C - amulet of magic regeneration
rElec    .         Harm     .   e - +4 ring of evasion
rCorr    .         Rampage  .   k - ring of poison resistance
Will     .....                  n - ring of protection from cold
Stlth    +++++.....             K - +4 ring of evasion
HPRegen  0.22/turn              D - +4 ring of evasion
MPRegen  0.50/turn              z - ring of wizardry
                                E - ring of see invisible
                                g - ring of magical power

@: corroded, very slightly contaminated
A: almost no armour, amphibious, 8 rings, camouflage 1, gelatinous body 1,
(nimble swimmer 1), tentacles, clever 1
a: Renounce Religion, Channel Magic, Forget Spell, Divine Exegesis


You were on level 3 of the Lair of Beasts.
You worshipped Sif Muna.
Sif Muna was extremely pleased with you.
You visited 3 branches of the dungeon, and saw 15 of its levels.
You also visited: Volcano.

You collected 850 gold pieces.
You spent 445 gold pieces at shops.

Inventory:

Hand Weapons
 A - a +1 short sword of venom (weapon)
 G - the +6 great sword of Regicide {vorpal, rF++ Int+3 Dex+4 Stlth-}
   (You found it on level 11 of the Dungeon)

   It inflicts extra damage upon your enemies.
   Int:       It affects your intelligence (+3).
   Dex:       It affects your dexterity (+4).
   rF:        It greatly protects you from fire.
   Stlth:     It makes you less stealthy.
Missiles
 b - 115 stones
 y - 2 throwing nets
Jewellery
 e - a +4 ring of evasion (left tentacle)
 g - a ring of magical power (on tentacle)
 k - a ring of poison resistance (right tentacle)
 n - a ring of protection from cold (on tentacle)
 p - a +6 ring of dexterity
 w - a ring of fire
 z - a ring of wizardry (on tentacle)
 C - an amulet of magic regeneration (around mantle)
 D - a +4 ring of evasion (on tentacle)
 E - a ring of see invisible (on tentacle)
 J - an amulet of faith
 K - a +4 ring of evasion (on tentacle)
Wands
 c - a wand of acid (29)
 s - a wand of mindburst (11)
 B - a wand of flame (21)
 H - a wand of digging (3)
 I - a wand of polymorph (6)
Scrolls
 l - 9 scrolls of teleportation
 m - 2 scrolls of blinking
 o - a scroll of fog
 q - 2 scrolls of amnesia {unknown}
 r - 4 scrolls of magic mapping
 t - a scroll of vulnerability {unknown}
 u - 2 scrolls of immolation
 v - a scroll of fear
 x - a scroll of enchant weapon
 M - 3 scrolls of summoning {unknown}
 N - a scroll of torment {unknown}
 O - 2 scrolls of identify
Potions
 a - a potion of mutation
 d - 2 potions of might
 f - 6 potions of curing
 h - 2 potions of brilliance
 i - 4 potions of haste
 j - 6 potions of heal wounds
 F - 2 potions of invisibility
 L - 2 potions of lignification {unknown}


   Skills:
 - Level 2.0 Fighting
 - Level 4.0 Short Blades
 - Level 7.0 Dodging
 + Level 8.9 Stealth
 + Level 10.9 Spellcasting
 - Level 5.0 Conjurations
 - Level 3.0 Transmutations
 - Level 5.0 Ice Magic
 - Level 5.0 Air Magic
 - Level 11.0 Earth Magic
 + Level 8.3 Invocations
 - Level 0.1 Evocations


You had 18 spell levels left.
You knew the following spells:

 Your Spells              Type           Power      Damage    Failure   Level
a - Sandblast             Erth           100%       2d20      1%          1
b - Freezing Cloud        Conj/Ice/Air   17%        6-21      8%          5
m - Bolt of Magma         Conj/Fire/Erth 18%        4d10      6%          5
p - Petrify               Tmut/Erth      44%        N/A       1%          4

Your spell library contained the following spells:

 Spells                   Type           Power      Damage    Failure   Level
 Passwall                 Tmut/Erth      36%        N/A       1%          2
 Stone Arrow              Conj/Erth      98%        3d13      1%          3
 Pain                     Necr           48%        1d6       2%          1
 Leda's Liquefaction      Hex/Erth       18%        N/A       2%          4
 Call Canine Familiar     Summ           12%        N/A       6%          3
 Portal Projectile        Hex/Tloc       24%        N/A       6%          3
 Tukima's Dance           Hex            12%        N/A       6%          3
 Borgnjor's Vile Clutch   Necr/Erth      18%        N/A       6%          5
 Irradiate                Conj/Tmut      15%        3d18      12%         5
 Blade Hands              Tmut           13%        N/A       16%         5
 Animate Dead             Necr           6%         N/A       21%         4
 Passage of Golubria      Tloc           N/A        N/A       21%         4
 Silence                  Hex/Air        12%        N/A       21%         5
 Yara's Violent Unravell  Hex/Tmut       9%         3d6       30%         5
 Agony                    Necr           12%        N/A       47%         5
 Excruciating Wounds      Necr           6%         N/A       47%         5
 Simulacrum               Ice/Necr       12%        N/A       71%         6
 Death Channel            Necr           6%         N/A       95%         6
 Dragon Form              Tmut           13%        N/A       99%         7
 Lehudib's Crystal Spear  Conj/Erth      24%        10d7      99%         8
 Polar Vortex             Ice            17%        N/A       100%        9
 Shatter                  Erth           29%        3d24*     100%        9


Dungeon Overview and Level Annotations

Branches:
Dungeon (11/15)            Temple (1/1) D:4            Lair (3/6) D:11
  Snake (0/4) Lair:2          Orc (0/2) D:10        Volcano (visited)
  Swamp: Lair:2-4    Shoals: Lair:2-4

Altars:
Ashenzari
Cheibriados
Dithmenos
Elyvilon
Gozag
Kikubaaqudgha
Makhleb
Okawaru
Qazlal
Ru
Sif Muna
Trog
Uskayaw
Vehumet
Xom
Yredelemnul
The Shining One

Shops:
D:1 !   D:4 *

Annotations:
D:7 1 runed translucent door
D:9 exclusion: downstairs
Lair:2 3 runed translucent doors, lasso's ghost, journeyman TeSu
Lair:3 exclusion: 2 oklob plants


Innate Abilities, Weirdness & Mutations

You cannot wear most types of armour.
You are amphibious.
You can wear up to eight rings at the same time.
Your skin changes colour to match your surroundings (Stealth+).
Your rubbery body absorbs attacks. (AC +1, EV +1)
((You are camouflaged near water. (Stealth+)))
You have tentacles for arms and can constrict up to eight enemies at once.
Your mind is acute. (Int +2)


Message History

Your magical contamination has completely faded away.
You start resting.
Magic restored.
You start resting.
HP restored.
Really wriggle into a travel-excluded area?
Casting: Freezing Cloud (dangerous; 8% risk of failure)
Confirm with . or Enter, or press ? or * to list all spells.
Aiming: Freezing Cloud (dangerous; 8% risk of failure)
Press: ? - help, Dir - move target An oklob plant comes into view.
Found a jewelled short sword.
Marking area around an oklob plant as unsafe for travelling.
Unknown command.
Casting: Freezing Cloud (dangerous; 8% risk of failure)
Confirm with . or Enter, or press ? or * to list all spells.
Aiming: Freezing Cloud (dangerous; 8% risk of failure)
Press: ? - help, Dir - move target You miscast Freezing Cloud.
You are very lightly contaminated with residual magic.
You feel a sudden electric shock!
Casting: Freezing Cloud (dangerous; 8% risk of failure)
Confirm with . or Enter, or press ? or * to list all spells.
Aiming: Freezing Cloud (dangerous; 8% risk of failure)
Press: ? - help, Dir - move target The oklob plant is engulfed in freezing vapours.
The oklob plant spits acid at you. The splash of acid hits you!!
The acid corrodes you!
You are splashed with acid!
Unknown command. 2 oklob plants come into view.
Found seven items.
The oklob plant spits acid at you. The splash of acid hits you!
The acid corrodes you!
You are splashed with acid!
* * * LOW HITPOINT WARNING * * *
The oklob plant spits acid at you. The splash of acid hits you!
* * * LOW HITPOINT WARNING * * *
You are splashed with acid!
You die...

...##P#####.######.#####P..#
### ....### ### #...# ...##
#...# ...# #..## ...# #####
##.#### ## ....# ####.#.#
#..#.###. ...#.#
#......########........
...##..
##........#P..#....#.##.
.... ..
?...§..@.........######.
.#.§§☼.#..##..#..# #.
#P§§./#.#.####..# ##.
#§§§..#.### ##.## #..
#§§.$.#.# #..# ##. #P)P$?#.#
#.## #. #$.(P?#.. ###.# #.
#######.. #...## #. ###..#
P.


You could see 4 oklob plants.

Vanquished Creatures
  A boulder beetle (D:11)
  4 two-headed ogres
  6 death yaks (Lair:1)
  2 salamanders (Volcano)
  A black mamba (Lair:2)
  8 cane toads
  Maggie (D:8)
  5 komodo dragons
  A kobold demonologist (D:9)
  2 trolls (D:11)
  Prince Ribbit (D:9)
  8 blink frogs (Lair:2)
  19 yaks
  4 wyverns
  A vampire (D:11)
  Grum (D:11)
  2 basilisks (Lair:3)
  3 steam dragons
  A warg (D:10)
  2 nagas (Lair:2)
  5 water moccasins
  4 hell hounds (Volcano)
  2 sky beasts
  7 orc warriors
  2 ice beasts
  3 black bears
  A hornet zombie (D:7)
  7 centaurs
  9 wolves
  A phantom (D:6)
  6 bullfrogs
  12 kobold brigands
  3 gnoll sergeants
  4 scorpions
  A wyvern zombie (D:6)
  A wyvern skeleton (D:6)
  7 killer bees
  7 howler monkeys
  15 wights
  2 centaur zombies
  5 orc priests
  4 hounds
  2 jellies
  A centaur skeleton (D:7)
  5 hell rats (Lair:3)
  3 iguanas
  8 orc wizards
  A killer bee zombie (D:8)
  A hound zombie (D:5)
  15 gnolls
  A howler monkey skeleton (D:4)
  10 adders
  2 shadow imps (D:9)
  2 white imps
  2 ufetubi
  3 worms
  3 dart slugs
  25 orcs
  4 ball pythons
  8 endoplasms
  2 giant cockroaches
  12 goblins
  6 hobgoblins
  6 jackals
  65 kobolds
  4 quokkas
  6 bats
  2 frilled lizards (D:1)
  10 kobold skeletons (D:9)
  8 kobold zombies (D:9)
  5 rats
403 creatures vanquished.

Vanquished Creatures (others)
  A two-headed ogre (Volcano)
  9 fungi
  61 plants
71 creatures vanquished.

Grand Total: 474 creatures vanquished

Notes
Turn   | Place    | Note
-------+----------+-------------------------------------------
     0 | D:1      | Atelerd the Octopode Earth Elementalist began the quest for
                  | the Orb.
     0 | D:1      | Reached XP level 1. HP: 11/11 MP: 3/3
   320 | D:1      | Reached XP level 2. HP: 10/17 MP: 5/5
   744 | D:1      | Found a faded altar of an unknown god.
   744 | D:1      | Noticed a shining eye
   747 | D:1      | Noticed a floating eye
   747 | D:1      | Noticed a great orb of eyes
   747 | D:1      | Noticed a great orb of eyes
   983 | D:1      | Found Buonloin's Distillery.
  1000 | D:1      | Bought a potion of curing for 33 gold pieces
  1196 | D:1      | Reached XP level 3. HP: 21/21 MP: 3/6
  1980 | D:2      | Reached XP level 4. HP: 25/27 MP: 7/7
  2054 | D:2      | Found a sacrificial altar of Ru.
  3191 | D:3      | Reached skill level 5 in Stealth
  3249 | D:3      | Reached XP level 5. HP: 31/31 MP: 5/9
  3565 | D:3      | Learned a level 4 spell: Petrify
  4097 | D:4      | Reached skill level 4 in Earth Magic
  4120 | D:4      | Reached XP level 6. HP: 36/36 MP: 2/10
  4139 | D:4      | Found a sand-covered staircase.
  4207 | D:4      | Found a staircase to the Ecumenical Temple.
  4283 | D:4      | Found Surooru's CLEARANCE SALE! EVERYTHING MUST GO!.
  4289 | D:4      | Bought a wand of acid (6) for 60 gold pieces
  4771 | D:4      | Found a broken altar of Ashenzari.
  4783 | D:4      | Reached skill level 5 in Earth Magic
  5658 | D:5      | Entered Level 5 of the Dungeon
  5687 | Temple   | Entered the Ecumenical Temple
  5823 | Temple   | Became a worshipper of Sif Muna the Loreminder
  5905 | D:5      | Noticed an ice beast
  5911 | D:5      | Reached skill level 1 in Short Blades
  5917 | D:5      | Killed an ice beast
  5918 | D:5      | Reached XP level 7. HP: 38/41 MP: 0/12
  6770 | D:5      | Reached * piety under Sif Muna
  6977 | D:5      | Reached skill level 6 in Earth Magic
  7260 | D:5      | Reached XP level 8. HP: 42/46 MP: 9/14
  7646 | D:1      | Bought a potion of mutation for 88 gold pieces
  7646 | D:1      | Gained mutation: Your mind is acute. (Int +2) [potion of
                  | mutation]
  7737 | D:6      | Reached skill level 5 in Spellcasting
  7767 | D:6      | Reached skill level 1 in Invocations
  7940 | D:6      | Reached skill level 7 in Earth Magic
  8632 | D:7      | Reached skill level 8 in Earth Magic
  8632 | D:7      | Reached XP level 9. HP: 39/51 MP: 4/17
  9101 | D:6      | Reached ** piety under Sif Muna
  9363 | D:7      | Found a runed translucent door.
  9364 | D:7      | Noticed a sixfirhy
  9624 | D:7      | Found a glowing golden altar of the Shining One.
  9716 | D:7      | Found a bloodstained altar of Trog.
  9744 | D:7      | Reached skill level 9 in Earth Magic
  9943 | D:7      | Found a radiant altar of Vehumet.
 10414 | D:8      | Noticed Maggie
 10439 | D:8      | Killed Maggie
 10773 | D:8      | Reached XP level 10. HP: 56/56 MP: 15/20
 10827 | D:7      | Reached skill level 10 in Earth Magic
 10863 | D:8      | Reached skill level 5 in Invocations
 11094 | D:8      | Reached *** piety under Sif Muna
 11552 | D:8      | Found an iron altar of Okawaru.
 11556 | D:8      | Found a white marble altar of Elyvilon.
 11561 | D:8      | Found a shimmering altar of Xom.
 11686 | D:1      | Bought a potion of heal wounds for 55 gold pieces
 11686 | D:1      | Bought a potion of haste for 110 gold pieces
 11686 | D:1      | Bought a potion of invisibility for 88 gold pieces
 11686 | D:1      | Bought a potion of degeneration for 11 gold pieces
 12197 | D:9      | Found an ancient bone altar of Kikubaaqudgha.
 12211 | D:9      | Identified the +7 flail of the Thing {drain, *Noise rElec
                  | Str+4 SInv}
 12211 | D:9      | Noticed a kobold demonologist
 12236 | D:9      | Reached **** piety under Sif Muna
 12239 | D:9      | Noticed a rust devil
 12240 | D:9      | Killed a kobold demonologist
 12621 | D:9      | Noticed a two-headed ogre
 12624 | D:9      | Noticed Prince Ribbit
 12641 | D:9      | Noticed a two-headed ogre
 12759 | D:9      | Killed a two-headed ogre
 12760 | D:9      | Reached skill level 5 in Dodging
 12760 | D:9      | Reached skill level 11 in Earth Magic
 12992 | D:9      | Killed Prince Ribbit
 13069 | D:9      | Killed a two-headed ogre
 13070 | D:9      | Reached XP level 11. HP: 61/61 MP: 19/24
 13095 | D:9      | Learned a level 5 spell: Freezing Cloud
 13332 | D:9      | Learned a level 5 spell: Bolt of Magma
 13355 | D:10     | Entered Level 10 of the Dungeon
 13670 | D:9      | Reached skill level 1 in Air Magic
 14094 | D:10     | Reached skill level 1 in Conjurations
 14114 | D:10     | Reached skill level 1 in Ice Magic
 14196 | D:10     | Found a staircase to the Orcish Mines.
 14452 | D:10     | Reached skill level 1 in Fighting
 14902 | D:11     | Noticed a two-headed ogre
 14923 | D:11     | Killed a two-headed ogre
 14934 | D:11     | Identified the +6 great sword of Regicide {vorpal, rF++
                  | Int+3 Dex+4 Stlth-}
 15005 | D:11     | Noticed Grum
 15013 | D:11     | Killed Grum
 15200 | D:11     | Reached ***** piety under Sif Muna
 15394 | D:11     | Noticed a boulder beetle
 15421 | D:11     | Killed a boulder beetle
 15586 | D:11     | Found a staircase to the Lair.
 15600 | Lair:1   | Entered Level 1 of the Lair of Beasts
 15630 | Lair:1   | Found a dark tunnel.
 15643 | Volcano  | Entered a volcano
 15677 | Volcano  | Noticed a salamander
 15677 | Volcano  | Noticed a salamander
 15677 | Volcano  | Noticed a two-headed ogre
 15682 | Volcano  | Reached skill level 10 in Spellcasting
 15682 | Volcano  | Killed a salamander
 15683 | Volcano  | Reached XP level 12. HP: 41/70 MP: 26/26
 15705 | Volcano  | Killed a two-headed ogre
 15901 | Volcano  | Noticed a two-headed ogre
 15952 | Volcano  | Killed a two-headed ogre
 17148 | Lair:1   | Received a gift from Sif Muna
 17339 | Lair:1   | Noticed a death yak
 17339 | Lair:1   | Noticed a death yak
 17339 | Lair:1   | Noticed a death yak
 17344 | Lair:1   | Noticed a death yak
 17351 | Lair:1   | Killed a death yak
 17355 | Lair:1   | Noticed a death yak
 17359 | Lair:1   | Killed a death yak
 17361 | Lair:1   | Noticed a death yak
 17363 | Lair:1   | Killed a death yak
 17405 | Lair:1   | Killed a death yak
 17405 | Lair:1   | Killed a death yak
 17406 | Lair:1   | Reached skill level 5 in Conjurations
 17407 | Lair:1   | Killed a death yak
 17854 | Lair:2   | Found a runed translucent gate.
 17859 | Lair:2   | Found a runed translucent gate.
 17859 | Lair:2   | Found a runed translucent gate.
 17909 | Lair:2   | Found a staircase to the Snake Pit.
 17992 | Lair:2   | Reached XP level 13. HP: 74/74 MP: 15/27
 17994 | Lair:2   | Reached skill level 5 in Ice Magic
 17994 | Lair:2   | Reached skill level 5 in Air Magic
 18395 | Lair:2   | Noticed lasso's ghost (journeyman TeSu)
 19931 | Lair:3   | Splashed by an oklob plant's acid

Illustrated notes

Levels and vault maps discovered:
D:1:      dpeg_arrival_morbid_curiosity, layout_loops_ring,
          hellmonk_ecumenical_altar_watching_god, serial_shops,
          nicolae_shop_statue_plus
D:2:      layout_loops_corners, basic_altar
D:3:      layout_rooms, kennysheep_generic_room_16
D:4:      layout_layer_cave, evilmike_ruin_ashenzari,
          minmay_temple_entry_crystal_x, enter_ossuary_1, nicolae_shop_clearance
D:5:      kennysheep_kobold_camp, layout_loops_ring, st_stairs_14,
          hangedman_decor_push
D:6:      layout_layer_cave
D:7:      cheibrodos_shockbox, layout_cave_pools,
          mainiacjoe_overflow_catwalk_spiral, nicolae_vehumet_radiance
D:8:      layout_loops_ring, grunt_temple_overflow_diamond,
          minmay_misc_feat_nine_boxes, uniq_maggie
D:9:      wander_kiku_kobolds, layout_basic, small_chamber_with_monster,
          kennysheep_opposing_triangles, uniq_prince_ribbit1
D:10:     layout_irregular_city, david_orc_1_choice
D:11:     layout_roguey, grunt_lair_entry_orc_guard_hut,
          kennysheep_decorative_pillar, minmay_puff, uniq_grum
Temple:   regret_index_temple_generic_petals
Lair:1:   layout_long_grid, nicolae_volcano_entry_hallway
Lair:2:   layout_cave_pods, guppyfry_snake_entry_island, gammafunk_ghost_icy
Lair:3:   layout_small_grid, serial_bayou_shore_b, grunt_megastairs_4,
          minmay_lair_oklob_chamber

Skill      XL: |  1  2  3  4  5  6  7  8  9 10 11 12 13 |
---------------+----------------------------------------+-----
Stealth        | 3 4 5 7 8 |  8.9
Transmutations | 2 3 |  3.0
Spellcasting   | 3 4 5 6 9 10 | 10.9
Earth Magic    | 4 5 6 8 9 11 | 11.0
Short Blades   | 1 4 |  4.0
Dodging        | 3 5 7 |  7.0
Invocations    | 2 4 6 7 8 |  8.3
Air Magic      | 2 4 5 |  5.0
Conjurations   | 2 5 |  5.0
Ice Magic      | 2 4 5 |  5.0
Fighting       | 2 |  2.0
Evocations     | |  0.1

Action                   |  1- 3 |  4- 6 |  7- 9 | 10-12 | 13-15 || total
-------------------------+-------+-------+-------+-------+-------++-------
Melee: Unarmed           |    37 |       |       |       |       ||    37
       Constrict         |    19 |    21 |    32 |    24 |    14 ||   110
       Tentacles         |     9 |    15 |    34 |    45 |    13 ||   116
       Dagger            |    42 |    74 |   136 |    78 |       ||   330
       Short sword       |       |       |       |   101 |    49 ||   150
       Great sword       |       |       |       |     2 |       ||     2
 Cast: Sandblast         |    27 |    60 |    86 |   223 |    24 ||   420
       Petrify           |       |     1 |    38 |    82 |    28 ||   149
       Freezing Cloud    |       |       |       |    32 |    13 ||    45
       Bolt of Magma     |       |       |       |     4 |       ||     4
Evoke: Wand              |       |     2 |     1 |     3 |       ||     6
  Use: Scroll            |       |     4 |     1 |     8 |     1 ||    14
       Potion            |       |       |     1 |       |       ||     1
 Stab: Sleeping          |     7 |    13 |     8 |       |       ||    28
       Petrified         |       |     2 |    50 |   114 |    23 ||   189
       Petrifying        |       |     1 |     3 |     2 |     6 ||    12
       Distracted        |       |       |     1 |       |       ||     1
Armor: Skin              |     9 |     4 |     9 |     5 |       ||    27
Dodge: Dodged            |    63 |    73 |   108 |   207 |    30 ||   481
       Rpst.: Great sword |       |       |       |     1 |       ||     1
